 Dungeon Crawl Stone Soup version 0.30-a0-457-g4b7bca3bfa (webtiles) character file.

Game seed: 17844957332176313345

221 avis the Chiller (level 5, -1/41 HPs)
             Began as a Demigod Ice Elementalist on Dec 12, 2022.
             Slain by a phantom (7 damage)
             ... on level 4 of the Dungeon.
             The game lasted 00:18:05 (3357 turns).

avis the Chiller (Demigod Ice Elementalist)         Turns: 3357, Time: 00:18:06

Health: -1/41      AC:  2    Str:  9    XL:     5   Next: 38%
Magic:  2/12       EV: 12    Int: 17    God:
Gold:   69         SH:  0    Dex: 18    Spells: 3/10 levels left

rFire   . . .      SeeInvis .    a - +3 sling (flame)
rCold   . . .      Faith    .    (no shield)
rNeg    . . .      Spirit   .    e - +0 robe
rPois   +          Reflect  .    (no helmet)
rElec   .          Harm     .    (no cloak)
rCorr   .          Rampage  .    (no gloves)
Will    .....                    (no boots)
Stlth   ++........               (no amulet)
HPRegen 0.26/turn                n - ring of poison resistance
MPRegen 0.13/turn                (no ring)

@: very slightly contaminated
A: high MP 1, forlorn, divine attributes
a: no special abilities


You were on level 4 of the Dungeon.
You visited 1 branch of the dungeon, and saw 4 of its levels.

You collected 69 gold pieces.

Inventory:

Hand Weapons
 a - a +3 sling of flaming (weapon)
 b - a +0 short sword
Missiles
 g - 5 boomerangs
 o - 7 poisoned darts
Armour
 e - a +0 robe (worn)
 m - an orb of mayhem
Jewellery
 n - a ring of poison resistance (left hand)
Wands
 r - a wand of flame (12)
Scrolls
 c - 3 scrolls of identify {unknown}
 d - a scroll of teleportation {unknown}
 f - 2 scrolls of silence {unknown}
 i - 2 scrolls of immolation {unknown}
 q - a scroll of blinking {unknown}
Potions
 h - a potion of magic
 j - a potion of might {unknown}
 k - a potion of haste {unknown}
 l - a potion of heal wounds {unknown}


   Skills:
 - Level 2.0 Fighting
 * Level 0.9 Ranged Weapons
 - Level 2.0 Dodging
 - Level 2.0 Stealth
 - Level 3.0 Spellcasting
 - Level 5.0 Ice Magic


You had 3 spell levels left.
You knew the following spells:

 Your Spells              Type           Power      Damage    Failure   Level
a - Freeze                Ice            76%        1d8       2%          1
o - Ozocubu's Armour      Ice            19%        N/A       7%          3
r - Frozen Ramparts       Ice            38%        1d6       7%          3

Your spell library contained the following spells:

 Spells                   Type           Power      Damage    Failure   Level
 Summon Small Mammal      Summ           8%         N/A       17%         1
 Call Canine Familiar     Summ           2%         N/A       45%         3
 Summon Guardian Golem    Hex/Summ       2%         N/A       45%         3
 Summon Ice Beast         Ice/Summ       11%        N/A       52%         4


Dungeon Overview and Level Annotations

Branches:
Dungeon (4/15)
 Temple: D:4-7

Annotations:
D:3 2 runed translucent doors, Sabo's ghost, weakling OgBe


Innate Abilities, Weirdness & Mutations

You have an increased reservoir of magic. (+10% MP)
You shall have no god before yourself.
Your divine heritage dramatically boosts your attributes as you level up.


Message History

Aim: a phantom (moderately damaged, 53% to hit)
You shoot a sling bullet. The sling bullet hits the phantom.
The sling bullet burns the phantom.
The phantom is heavily damaged.
The hound barely misses you. The phantom hits you.
* * * LOW HITPOINT WARNING * * *
The phantom blinks!
You blink.
The phantom hits you.
* * * LOW HITPOINT WARNING * * *
The phantom blinks!
You blink.
It was a potion of curing.
You feel better. The hound bites you.
* * * LOW HITPOINT WARNING * * *
The hound bites you.
* * * LOW HITPOINT WARNING * * *
The phantom closely misses you.
You feel better.
You hear the slow hiss of a distant avalanche of sand.
The hound misses you.
The phantom hits you but does no damage.
Fire: a) +3 sling (flame)
Press: ? - help, Q - select action, (/) - cycle Shift-Dir - straight line, f/p - phantom
Aim: a phantom (heavily damaged, 53% to hit)
Okay, then.
Casting: Ozocubu's Armour (dangerous; 7% risk of failure)
Confirm with . or Enter, or press ? or * to list all spells.
You miscast Ozocubu's Armour.
You are very lightly contaminated with residual magic.
Nothing appears to happen.
The hound bites you.
* * * LOW HITPOINT WARNING * * *
The phantom closely misses you. The hound closely misses you.
Casting: Ozocubu's Armour (dangerous; 7% risk of failure)
Confirm with . or Enter, or press ? or * to list all spells.
You don't have enough magic to cast this spell.
Fire: a) +3 sling (flame)
Press: ? - help, Q - select action, (/) - cycle Shift-Dir - straight line, f - hound, p - phantom
Aim: a hound (53% to hit)
You shoot a sling bullet. The sling bullet hits the hound.
The sling bullet burns the hound.
The hound is moderately wounded.
The hound closely misses you. The phantom hits you!
You die...

#########
#...>...#
#.⌠...⌠.#
#.......#
#.⌠.h.⌠.#
#...@...#
...
#.⌠.W.⌠.#
..#
#.......#
#.# .
####.####
#.# #
....#).#####
#.#.##
.....)).)..#
#.#..# #
.#..##.###.#
#...#....
#.# #.#
#<.>O# #.
#.#


You could see a phantom and a hound.

Vanquished Creatures
  An ogre (D:4)
  6 adders
  A worm (D:2)
  2 dart slugs
  2 orcs
  6 ball pythons
  12 endoplasms
  6 goblins
  8 hobgoblins
  4 jackals (D:2)
  8 kobolds
  4 quokkas
  7 bats
  A frilled lizard (D:2)
  4 rats
72 creatures vanquished.

Notes
Turn   | Place    | Note
-------+----------+-------------------------------------------
     0 | D:1      | avis the Demigod Ice Elementalist began the quest for the
                  | Orb.
     0 | D:1      | Reached XP level 1. HP: 14/14 MP: 5/5
   193 | D:1      | Reached skill level 4 in Ice Magic
   255 | D:1      | Reached XP level 2. HP: 20/20 MP: 5/7
   760 | D:1      | Upgraded the game from 0.30-a0-451-ge042605de7 to
                  | 0.30-a0-457-g4b7bca3bfa
   998 | D:2      | Reached skill level 1 in Fighting
   998 | D:2      | Reached XP level 3. HP: 22/28 MP: 3/9
  1061 | D:1      | Learned a level 3 spell: Frozen Ramparts
  1065 | D:1      | Learned a level 3 spell: Ozocubu's Armour
  2194 | D:3      | Reached XP level 4. HP: 36/36 MP: 10/10
  2533 | D:3      | Found a large runed translucent door.
  2533 | D:3      | Found a large runed translucent door.
  2539 | D:3      | Noticed Sabo's ghost (weakling OgBe)
  3260 | D:4      | Noticed an ogre
  3338 | D:4      | Killed an ogre
  3339 | D:4      | Reached skill level 5 in Ice Magic
  3339 | D:4      | Reached XP level 5. HP: 17/41 MP: 5/12
  3353 | D:4      | HP: 1/41 [phantom (6)]
  3357 | D:4      | Slain by a phantom

Illustrated notes

Levels and vault maps discovered:
D:1:      eino_arrival_druids_welcome, layout_loops_cross
D:2:      minmay_inner_zag, layout_rooms, kennysheep_donut, st_stairs_14
D:3:      layout_basic, ebering_ghost_disaster_area
D:4:      layout_loops_ring, lightli_ossuary_entry_decrepit_ruins,
          grunt_ministairs_3, kennysheep_generic_room_8

Skill      XL: |  1  2  3  4 |
---------------+-------------+-----
Ice Magic      | 4 5 |  5.0
Spellcasting   | 2 3 |  3.0
Fighting       | 1 2 |  2.0
Stealth        | 2 |  2.0
Dodging        | 2 |  2.0
Ranged Weapons | |  0.9

Action                   |  1- 3 |  4- 6 || total
-------------------------+-------+-------++-------
 Fire: Sling             |    76 |    57 ||   133
 Cast: Freeze            |    33 |     7 ||    40
       Frozen Ramparts   |     7 |     3 ||    10
       Ozocubu's Armour  |     1 |     1 ||     2
  Use: Potion            |       |     2 ||     2
Armor: Robe              |    17 |     6 ||    23
Dodge: Dodged            |    36 |    20 ||    56

Table legend: (Time is in decaauts)
 A = Elapsed time spent in this place.
 B = Non-inter-level travel time spent in this place.
 C = Inter-level travel time spent in this place.
 D = Time resting spent in this place.
 E = Time spent auto-exploring this place.
 F = Levels seen in this place.
 G = Mean time per level.
                   A        B        C        D        E       F      G
               +--------+--------+--------+--------+--------+-----+--------+
         Total |   3412 |   3131 |    281 |    762 |   1721 |   4 |  853.0 |
       Dungeon |   3412 |   3131 |    281 |    762 |   1721 |   4 |  853.0 |
               +--------+--------+--------+--------+--------+-----+--------+

Top non-repeatable levels by time:
     D:2: 1245 daAuts
     D:3: 1090 daAuts
     D:1: 1015 daAuts
     D:4: 60 daAuts
